 Dungeon Crawl Stone Soup version 0.23.2-33-g5129a83184 (webtiles) character file.

Game seed: 4095784206020416458

21 ANON1729 the Skirmisher (level 2, 0/24 HPs)
             Began as a Demonspawn Monk on Aug 11, 2019.
             Slain by a gnoll
             ... wielding a +0 spear
              (5 damage)
             ... on level 2 of the Dungeon.
             The game lasted 00:01:37 (968 turns).

ANON1729 the Skirmisher (Demonspawn Monk)            Turns: 968, Time: 00:01:39

Health: 0/24       AC: -1    Str: 11    XL:     2   Next: 65%
Magic:  2/2        EV: 13    Int: 11    God:
Gold:   64         SH:  0    Dex: 15    Spells: 1/1 levels left

rFire    . . .     SeeInvis .   a - +0 spear
rCold    . . .     Gourm    .   (no shield)
rNeg     . . .     Faith    .   b - +1 robe
rPois    .         Spirit   .   (no helmet)
rElec    .         Reflect  .   (no cloak)
rCorr    .         Harm     .   (no gloves)
MR       .....                  (no boots)
Stlth    ++........             e - amulet of inaccuracy (curse)
HPRegen  0.08/turn              (no ring)
MPRegen  0.08/turn              (no ring)

@: corroded
A: powered by death 1
a: no special abilities


You were on level 2 of the Dungeon.
You were not hungry.

You visited 1 branch of the dungeon, and saw 2 of its levels.

You collected 64 gold pieces.

Inventory:

Hand Weapons
 a - a +0 spear (weapon)
Armour
 b - a +1 robe (worn)
Jewellery
 e - a cursed amulet of inaccuracy (around neck)
Scrolls
 f - a scroll of immolation {unknown}
Potions
 d - a potion of ambrosia
Comestibles
 c - a ration


   Skills:
 + Level 3.2 Fighting
 + Level 3.0 Polearms
 + Level 2.9 Dodging
 + Level 2.1 Stealth


You had one spell level left.
You didn't know any spells.
Your spell library was empty.

Dungeon Overview and Level Annotations

Branches:
Dungeon (2/15)

Altars:
Makhleb


Innate Abilities, Weirdness & Mutations

You regenerate a little health from kills.


Message History

You hit the jelly.
Your hands burn!
The jelly is lightly wounded.
The jelly hits you but does no damage. The gnoll closely misses you.
The gnoll hits you with a +0 spear.
You bump into the rock wall.
The jelly closely misses you. The gnoll barely misses you. x2
You barely miss the gnoll. The jelly barely misses you.
The gnoll closely misses you. x2
You bump into the translucent stone wall.
The jelly hits you but does no damage. The gnoll closely misses you. x2
You bump into the rock wall.
The jelly hits you. The acid corrodes you!
You are splashed with acid!
The gnoll closely misses you. The gnoll barely misses you.
You bump into the translucent stone wall.
You feel less invigorated.
You feel less confused. The jelly hits you.
You are splashed with acid!
* * * LOW HITPOINT WARNING * * *
The gnoll closely misses you. The gnoll hits you with a +0 spear.
You die...

####### #># #...g.g.©.g...##
......# #.# #...#########..#
#####'###.# #..##8.....8##.#
#.......#####..#.........#K#
#.....#........#.#..©..#.#g#
###.....#.#.####g#..#...#..#(#
........###.#
#g#©........#r####
###.........#
#g#..#...#..#w(...
.......######
#@#Y#.....#.#..g.. )....####
#J#g.?/$??..#..... ........#
#g##8$._.$8##..... ........#
#..#########...... ..###...#
##.....©r......... ..†.....#
#####.w.##....?)# ..)..<..#
#........#......# ..†.....#
#........# ....(...#
#.>...>....


You could see an ice beast, a worm, a jelly, 3 gnolls, a hobgoblin, a goblin and
a rat.

Vanquished Creatures
  A gnoll (D:1)
  A dart slug (D:2)
  2 goblins (D:1)
  2 bats
  A frilled lizard (D:1)
  3 kobolds
  A rat (D:1)
11 creatures vanquished.

Notes
Turn   | Place    | Note
-------+----------+-------------------------------------------
     0 | D:1      | ANON1729 the Demonspawn Monk began the quest for the Orb.
     0 | D:1      | Reached XP level 1. HP: 18/18 MP: 1/1
   210 | D:1      | Gained mutation: You regenerate a little health from kills.
                  | [demonic ancestry]
   210 | D:1      | Reached XP level 2. HP: 24/24 MP: 2/2
   901 | D:2      | Noticed an ice beast
   902 | D:2      | Found a transporter.
   904 | D:2      | Found a transporter.
   904 | D:2      | Found a burning altar of Makhleb.
   968 | D:2      | Slain by a gnoll

Skill      XL: |  1  2 |
---------------+-------+-----
Stealth        | 2 |  2.1
Polearms       | 3 |  3.0
Fighting       | |  3.2
Dodging        | |  2.9

Action                   || total
-------------------------++-------
Melee: Spear             ||    60
  Use: Scroll            ||     4
       Potion            ||     2
 Stab: Sleeping          ||     2
Armor: Robe              ||    20
Dodge: Dodged            ||    72
